 Dungeon Crawl Stone Soup version 0.27.1-4-g1640c2035a (webtiles) character file.

Game seed: 8367281026777034694

7 Stomo444 the Skirmisher (level 2, 0/16 HPs)
             Began as a Vine Stalker Fighter on Nov 17, 2021.
             Slain by a hobgoblin (1 damage)
             ... on level 1 of the Dungeon.
             The game lasted 00:00:21 (186 turns).

Stomo444 the Skirmisher (Vine Stalker Fighter)       Turns: 186, Time: 00:00:21

Health: 0/16       AC:  6    Str: 18    XL:     2   Next: 0%
Magic:  0/3        EV:  7    Int:  8    God:
Gold:   6          SH:  9    Dex: 13    Spells: 1/1 levels left

rFire    . . .     SeeInvis .   a - +0 flail
rCold    . . .     Faith    .   c - +0 kite shield
rNeg     . . .     Spirit   +   b - +0 scale mail
rPois    .         Reflect  .   (no helmet)
rElec    .         Harm     .   (no cloak)
rCorr    .         Rampage  .   (no gloves)
Will     .....                  (no boots)
Stlth    ..........             (no amulet)
HPRegen  0.05/turn              (no ring)
MPRegen  0.08/turn              (no ring)

@: no status effects
A: fangs 2, magic shield, antimagic bite, no potion heal 2
a: no special abilities


You were on level 1 of the Dungeon.
You visited 1 branch of the dungeon, and saw 1 of its levels.

You collected 6 gold pieces.

Inventory:

Hand Weapons
 a - a +0 flail (weapon)
Armour
 b - a +0 scale mail (worn)
 c - a +0 kite shield (worn)
Potions
 d - a potion of might


   Skills:
 + Level 2.8 Fighting
 + Level 1.9 Maces & Flails
 + Level 2.5 Armour
 + Level 0.2 Dodging
 + Level 2.8 Shields


You had one spell level left.
You didn't know any spells.
Your spell library was empty.

Dungeon Overview and Level Annotations

Branches:
Dungeon (1/15)

Altars:

Shops:
D:1 *


Innate Abilities, Weirdness & Mutations

You have extremely sharp teeth.
When hurt, damage is shared between your health and your magic reserves.
Your bite disrupts and absorbs the magic of your enemies.
Potions cannot restore your health.


Message History

The ball python constricts you.
A ball python comes into view.
You escape the ball python's grasp.
You block the ball python's attack. x2
Really stalk into that teleport trap?
You enter a teleport trap!
The teleport trap disappears.
Your surroundings suddenly seem different.
A bat, a hobgoblin and a kobold come into view.
Found 13 gold pieces.
Found Dellixeg's Assorted Antiques.
Found two stone staircases leading down.
The hobgoblin shouts!
The kobold shouts!
There are monsters nearby!
You block the bat's attack. The bat hits you but does no damage.
You see here 13 gold pieces.
You block the bat's attack. The bat hits you but does no damage.
You block the bat's attack. The bat hits you.
* * * LOW HITPOINT WARNING * * *
Your shield prevents you from hitting the bat.
You bite the bat. You drain its power.
The bat is moderately wounded.
The bat hits you but does no damage. You block the bat's attack.
You closely miss the bat. The bat hits you but does no damage.
The bat closely misses you.
You barely miss the bat. The bat barely misses you. The bat hits you.
Unknown command.
You closely miss the bat. The bat hits you but does no damage.
You block the bat's attack.
Unknown command.
You sock the bat!
You kill the bat!
You have reached level 2!
You barely miss the hobgoblin. You bite the hobgoblin. You drain its power.
You feel invigorated.
The hobgoblin is lightly wounded.
The hobgoblin hits you.
* * * LOW HITPOINT WARNING * * *
The hobgoblin hits you.
You die...

#.........
###########
##........
..........# ##.......
..........# ##......
.∩........# ##.....
..........#######
#+#.##
.................
...........#######
..........$Kg@...#
..........######.....
..........# ###
......>..>#
###########


You could see a hobgoblin and a kobold.

Vanquished Creatures
  A dart slug (D:1)
  An endoplasm (D:1)
  A hobgoblin (D:1)
  A bat (D:1)
  A rat (D:1)
5 creatures vanquished.

Notes
Turn   | Place    | Note
-------+----------+-------------------------------------------
     0 | D:1      | Stomo444 the Vine Stalker Fighter began the quest for the
                  | Orb.
     0 | D:1      | Reached XP level 1. HP: 11/11 MP: 2/2
   174 | D:1      | Found Dellixeg's Assorted Antiques.
   186 | D:1      | Reached XP level 2. HP: 2/16 MP: 1/3
   186 | D:1      | Slain by a hobgoblin

Illustrated notes

Levels and vault maps discovered:
D:1:      lemuel_arrival_rhombus, layout_rooms, serial_shops, shop,
          minmay_misc_feat_chi

Action                   || total
-------------------------++-------
Melee: Flail             ||    16
       Bite              ||     6
Armor: Scale mail        ||    10
Dodge: Dodged            ||     7
Block: Kite shield       ||    12
